 Dungeon Crawl Stone Soup version 0.28-a0-622-gbaef9634d7 (webtiles) character file.

Game seed: 11696524602644215714

13622 robertstho the Thaumaturge (level 12, -8/76 HPs)
             Began as a Djinni Fire Elementalist on Oct 7, 2021.
             Was an Initiate of Gozag.
             Mangled by a death yak (18 damage)
             ... on level 11 of the Dungeon.
             The game lasted 00:19:17 (15749 turns).

robertstho the Thaumaturge (DjFE)                  Turns: 15749, Time: 00:19:17

Health: -8/76      AC: 14    Str:  7    XL:     12   Next: 35%
Gold:   1044       EV: 15    Int: 20    God:    Gozag SH:  5 Dex: 22

rFire   + + +      SeeInvis .   H - +8 flail of Disorder {flame, Will+ Stlth+}
rCold   x . .      Faith    .   (no shield)
rNeg    . . .      Spirit   .   a - +0 robe
rPois   ∞          Reflect  +   C - +0 helmet
rElec   .          Harm     .   I - +0 cloak
rCorr   .          Rampage  .   t - +0 pair of gloves
Will    ++...                   (boots unavailable)
Stlth   ++++......              o - amulet of reflection
HPRegen 0.22/turn               i - +6 ring of dexterity
MPRegen 0.00/turn               x - ring of protection from fire

@: ice-armoured, gold aura, flying
A: sickness immunity, fire resistance 2, cold vulnerability 1, float, innate
caster, hp casting, extra vitality 1
a: Renounce Religion, Potion Petition, Call Merchant, Bribe Branch


You were on level 11 of the Dungeon.
You worshipped Gozag.
Gozag was most pleased with you.
You visited 1 branch of the dungeon, and saw 11 of its levels.

You collected 1937 gold pieces.
You spent 863 gold pieces at shops.
You paid 30 gold pieces to Gozag.

Inventory:

Hand Weapons
 h - a +0 short sword
 m - a +1 vampiric dagger
 E - a +0 short sword of flaming
 H - the +8 flail of Disorder (weapon) {flame, Will+ Stlth+}
   (You bought it in a shop on level 7 of the Dungeon)

   It burns those it strikes, dealing additional fire damage.
   Will:      It increases your willpower.
   Stlth:     It makes you more stealthy.
Missiles
 p - 2 throwing nets
Armour
 a - a +0 robe (worn)
 t - a +0 pair of gloves (worn)
 C - a +0 helmet (worn)
 I - a +0 cloak (worn)
Jewellery
 i - a +6 ring of dexterity (left hand)
 o - an amulet of reflection (around neck)
 q - an amulet of regeneration
 x - a ring of protection from fire (right hand)
 K - a ring of protection from fire
 T - a +6 ring of strength
Wands
 j - a wand of flame (72)
 n - a wand of charming (7)
 r - a wand of polymorph (21)
 y - a wand of digging (5)
 B - a wand of paralysis (7)
 G - a wand of mindburst (14)
 J - a wand of acid (23)
Scrolls
 b - 7 scrolls of teleportation
 c - a scroll of enchant armour
 g - a scroll of brand weapon
 l - 2 scrolls of magic mapping
 s - 2 scrolls of immolation {unknown}
 u - 3 scrolls of vulnerability {unknown}
 v - 5 scrolls of amnesia {unknown}
 D - a scroll of enchant weapon {unknown}
 F - 2 scrolls of holy word {unknown}
 L - a scroll of silence {unknown}
 M - a scroll of fog {unknown}
 O - a scroll of blinking {unknown}
 Q - a scroll of identify
 U - a scroll of torment {unknown}
Potions
 d - a potion of attraction
 e - 2 potions of heal wounds
 f - 4 potions of curing {unknown}
 k - 3 potions of haste {unknown}
 w - a potion of mutation {unknown}
 z - 2 potions of degeneration {unknown}
 A - a potion of magic {unknown}
 N - 2 potions of lignification {unknown}
 P - a potion of brilliance {unknown}
 R - 2 potions of berserk rage {unknown}
 S - a potion of cancellation {unknown}
 V - a potion of might {unknown}


   Skills:
 + Level 3.0 Fighting
 + Level 1.5 Short Blades
 + Level 0.9 Maces & Flails
 + Level 4.8 Dodging
 + Level 5.2 Stealth
 + Level 2.5 Shields
 + Level 13.4 Spellcasting
 + Level 0.1 Evocations


You had 12 spell levels left.
You knew the following spells:

 Your Spells              Type           Power      Damage    Failure   Level
a - Foxfire               Conj/Fire      100%       2x1d9     1%          1
b - Scorch                Fire           100%       2d10      1%          2
c - Conjure Flame         Conj/Fire      61%        6-21      1%          3
d - Inner Flame           Hex/Fire       61%        N/A       1%          3
e - Flame Wave            Conj/Fire      61%        3d11      1%          4
f - Freeze                Ice            100%       1d11      1%          1
g - Searing Ray           Conj           100%       2d8       1%          2
h - Corpse Rot            Necr/Air       N/A        N/A       1%          2
i - Ozocubu's Armour      Ice            61%        N/A       1%          3
j - Animate Dead          Necr           30%        N/A       1%          4
Your spell library was empty.

Dungeon Overview and Level Annotations

Branches:
Dungeon (11/15)            Temple (0/1) D:5            Lair (0/6) D:11
    Orc: D:9-12

Altars:
Gozag

Shops:
D:7 (


Innate Abilities, Weirdness & Mutations

You are immune to sickness and miasma.
You are immune to poison.
Your flesh is very heat resistant. (rF++)
You are vulnerable to cold. (rC-)
You float through the air rather than walking.
You learn spells naturally, not from books.
Your magical power is your life essence.
You have superior vitality. (+4 HP)


Message History

Unknown command.
A wave of flame ripples out!
The flame wave engulfs the death yak.
The death yak is moderately wounded.
The death yak gores you but does no damage.
A wave of flame ripples out!
The flame wave engulfs the death yak!
The death yak is moderately wounded.
The flame wave engulfs the death yak!!
The death yak is moderately wounded.
You finish channelling waves of flame.
The death yak is distracted by your dazzling golden aura.
The death yak gores you but does no damage.
A death yak comes into view.
Casting: Flame Wave (safe; 1% risk of failure)
Confirm with . or Enter, or press ? or * to list all spells.
Casting: Flame Wave (safe; 1% risk of failure)
Press: ? - help, Dir - look around, f - activate A wave of flame ripples out!
The flame wave engulfs the death yak!!
The death yak is severely wounded. (Press . to intensify the flame waves.)
The death yak bellows!
The death yak gores you!
A wave of flame ripples out!
The flame wave engulfs the death yak!!
The death yak is almost dead.
The flame wave engulfs the death yak!
The death yak is moderately wounded.
The death yak is no longer distracted by gold.
The death yak gores you!
* * * LOW HITPOINT WARNING * * *
A wave of flame ripples out!
The flame wave engulfs the death yak!!
The death yak is severely wounded.
The flame wave engulfs the death yak!
You kill the death yak!
The flame wave engulfs the death yak.
The death yak is lightly wounded.
The flame wave engulfs the rat!!
You kill the rat!
* * * LOW HITPOINT WARNING * * *
You finish channelling waves of flame.
The death yak gores you!!
You die...
Your body crumbles into a pile of gold.

#### ..# #.#
#.#### ..## #....#
....#####@##.###
......$.Y$#....#
.....r###.####.#
...... #Y##.#.#
.....###.#..#.#
#...r.#..#.#######
#........#.......#
#..####.#######.##
#.## #.# #.#


You could see 2 death yaks, a river rat and a quokka.

Vanquished Creatures
  A death yak (D:11)
  4 two-headed ogres
  Sonja (D:10)
  A glowing orange brain (D:9)
  2 ugly things
  3 centaur zombies (D:10)
  An unseen horror (D:10)
  A troll (D:10)
  A hornet (D:10)
  3 shadows
  5 yaks (D:8)
  2 wraiths
  4 vampire mosquitoes (D:9)
  A steam dragon (D:9)
  5 acid dragons
  Duvessa (D:7)
  4 water moccasins
  A hornet zombie (D:7)
  5 orc warriors
  3 necrophages
  3 ice beasts
  2 sky beasts
  An ogre (D:7)
  2 centaurs
  A phantom (D:5)
  3 kobold brigands
  Blork the orc (D:4)
  4 bullfrogs
  3 gnoll sergeants
  A scorpion (D:7)
  A wyvern zombie (D:7)
  Dowan (D:7)
  A water moccasin skeleton (D:4)
  9 killer bees
  6 wights
  4 howler monkeys
  2 electric eels (D:9)
  A bullfrog zombie (D:7)
  Crazy Yiuf (D:7)
  A centaur skeleton (D:5)
  A hound (D:5)
  3 jellies
  6 orc priests
  A gnoll shaman (D:9)
  An iguana (D:5)
  7 orc wizards
  A hell rat (D:10)
  A howler monkey zombie (D:5)
  8 adders
  18 gnolls
  A shadow imp (D:8)
  2 white imps
  A howler monkey simulacrum (D:10)
  An adder zombie (D:5)
  3 dart slugs (D:2)
  32 orcs
  6 bats
  2 endoplasms
  A giant cockroach (D:1)
  7 goblins
  6 hobgoblins
  2 quokkas (D:2)
  6 ball pythons
  2 frilled lizards
  8 kobolds
  4 rats
228 creatures vanquished.

Vanquished Creatures (collateral kills)
  A two-headed ogre (D:8)
  A foxfire (D:1)
2 creatures vanquished.

Vanquished Creatures (others)
  547 foxfires
  2 fungi (D:7)
  8 plants (D:9)
557 creatures vanquished.

Grand Total: 787 creatures vanquished

Notes
Turn   | Place    | Note
-------+----------+-------------------------------------------
     0 | D:1      | robertstho the Djinni Fire Elementalist began the quest for
                  | the Orb.
     0 | D:1      | Reached XP level 1. HP: 15/15 MP: 0/0
   364 | D:1      | Reached XP level 2. HP: 18/21 MP: 0/0
   649 | D:1      | Found a faded altar of an unknown god.
  1110 | D:2      | Reached skill level 3 in Spellcasting
  1110 | D:2      | Reached XP level 3. HP: 19/25 MP: 0/0
  1110 | D:2      | Learned a level 1 spell: Freeze
  1692 | D:2      | Reached XP level 4. HP: 29/31 MP: 0/0
  2437 | D:3      | Reached XP level 5. HP: 32/35 MP: 0/0
  2437 | D:3      | Learned a level 2 spell: Searing Ray
  2923 | D:3      | Found an opulent altar of Gozag.
  2991 | D:3      | Became a worshipper of Gozag Ym Sagoz the Greedy
  3306 | D:2      | Reached skill level 4 in Spellcasting
  3482 | D:4      | Noticed a necrophage
  3486 | D:4      | Killed a necrophage
  3487 | D:4      | Reached XP level 6. HP: 27/40 MP: 0/0
  3770 | D:4      | Noticed a sky beast
  3779 | D:4      | Killed a sky beast
  3780 | D:4      | Reached skill level 1 in Short Blades
  3798 | D:4      | Reached XP level 7. HP: 4/46 MP: 0/0
  3798 | D:4      | Learned a level 2 spell: Corpse Rot
  3845 | D:4      | HP: 1/46 [wight/stone (7)]
  4146 | D:4      | Reached skill level 5 in Spellcasting
  4476 | D:4      | Noticed Blork the orc
  4488 | D:4      | Killed Blork the orc
  4841 | D:4      | Reached skill level 6 in Spellcasting
  4841 | D:4      | Reached XP level 8. HP: 45/51 MP: 0/0
  5251 | D:5      | Entered Level 5 of the Dungeon
  5898 | D:5      | Reached skill level 7 in Spellcasting
  6293 | D:5      | Found a staircase to the Ecumenical Temple.
  6749 | D:6      | Reached skill level 1 in Fighting
  7135 | D:6      | Reached XP level 9. HP: 51/57 MP: 0/0
  7135 | D:6      | Learned a level 3 spell: Ozocubu's Armour
  7530 | D:6      | Reached skill level 8 in Spellcasting
  7666 | D:6      | Noticed a two-headed ogre
  7673 | D:6      | Killed a two-headed ogre
  7809 | D:7      | Reached skill level 9 in Spellcasting
  8156 | D:7      | Noticed Duvessa
  8159 | D:7      | Noticed Dowan
  8165 | D:7      | Killed Duvessa
  8166 | D:7      | Reached skill level 1 in Shields
  8166 | D:7      | Reached XP level 10. HP: 29/64 MP: 0/0
  8168 | D:7      | Killed Dowan
  8739 | D:7      | Reached skill level 10 in Spellcasting
  8746 | D:7      | Found Olyippas's Weapon Shop.
  9060 | D:7      | Bought the +8 flail of Disorder {flame, Will+ Stlth+} for
                  | 863 gold pieces
  9177 | D:7      | Found a runed translucent door.
  9178 | D:7      | Noticed Crazy Yiuf
  9179 | D:7      | Identified the +9 mace "Zuefar" {speed, Str-5 Dex+4 SInv}
  9455 | D:7      | Killed Crazy Yiuf
  9584 | D:8      | Noticed a two-headed ogre
  9590 | D:8      | HP: 3/64 [two-headed ogre (22)]
  9598 | D:8      | Killed a two-headed ogre
 10167 | D:8      | Reached skill level 11 in Spellcasting
 10762 | D:8      | Reached XP level 11. HP: 61/69 MP: 0/0
 10762 | D:8      | Learned a level 4 spell: Animate Dead
 11207 | D:9      | Noticed a white ugly thing
 11214 | D:9      | Killed a white ugly thing
 11262 | D:9      | Noticed a glowing orange brain
 11717 | D:9      | HP: 1/70 [orc warrior (18)]
 12474 | D:9      | Killed a glowing orange brain
 12522 | D:9      | Noticed a two-headed ogre
 12531 | D:9      | Killed a two-headed ogre
 12887 | D:9      | Reached skill level 12 in Spellcasting
 13525 | D:9      | Noticed a two-headed ogre
 13535 | D:9      | Killed a two-headed ogre
 13536 | D:9      | Reached skill level 5 in Stealth
 13759 | D:9      | Noticed an eight-headed hydra
 13759 | D:9      | Noticed a boulder beetle
 13778 | D:10     | Entered Level 10 of the Dungeon
 14236 | D:10     | Noticed a red ugly thing
 14247 | D:10     | Killed a red ugly thing
 14248 | D:10     | Reached XP level 12. HP: 54/76 MP: 0/0
 14671 | D:10     | Noticed a two-headed ogre
 14678 | D:10     | Killed a two-headed ogre
 14679 | D:10     | Reached skill level 13 in Spellcasting
 15422 | D:10     | Noticed Sonja
 15434 | D:10     | Killed Sonja
 15721 | D:11     | Noticed a death yak
 15722 | D:11     | Found a staircase to the Lair.
 15722 | D:11     | Noticed a boulder beetle
 15722 | D:11     | Noticed a death yak
 15746 | D:11     | Noticed a death yak
 15749 | D:11     | Killed a death yak
 15749 | D:11     | Mangled by a death yak

Illustrated notes

Levels and vault maps discovered:
D:1:      dpeg_arrival_arbitrary_a, layout_basic,
          shapermc_ecumenical_altar_mp_urbaneastern, hangedman_glass_teeth
D:2:      layout_basic
D:3:      layout_loops_cross, mainiacjoe_overflow_six_doors_small,
          minmay_liquid_box
D:4:      layout_cave_pools, portal_sewer_entry_e, uniq_blork_the_orc
D:5:      layout_basic, minmay_temple_entry_enclosed_plants
D:6:      layout_loops_ring
D:7:      layout_basic, serial_shops, shop, uniq_duvessa,
          uniq_crazy_yiuf_cottage
D:8:      layout_basic
D:9:      nzn_winding_woodlands_stair_cross
          [nzn_winding_woodlands_5x15_longhouse,
          nzn_winding_woodlands_center_lodge,
          nzn_winding_woodlands_5x15_lazy_stream,
          nzn_winding_woodlands_5x5_perimeter,
          nzn_winding_woodlands_5x5_default, nzn_winding_woodlands_5x15_default,
          nzn_winding_woodlands_center_diamonds,
          nzn_winding_woodlands_5x15_river_crossing], layout_long_grid,
          minmay_misc_feat_ornament
D:10:     cheibrodos_barr_body, layout_irregular_city, uniq_sonja
D:11:     layout_basic, dpeg_lair_monsters, uniq_nergalle

Skill      XL: |  1  2  3  4  5  6  7  8  9 10 11 12 |
---------------+-------------------------------------+-----
Spellcasting   | 3 4 6 7 9 11 12 13 | 13.4
Stealth        | 2 3 4 5 |  5.2
Short Blades   | 1 |  1.5
Dodging        | 3 4 |  4.8
Fighting       | 1 2 3 |  3.0
Shields        | 1 2 |  2.5
Maces & Flails | |  0.9
Evocations     | |  0.1

Action                   |  1- 3 |  4- 6 |  7- 9 | 10-12 || total
-------------------------+-------+-------+-------+-------++-------
Melee: Short sword       |       |     5 |       |       ||     5
       Dagger            |       |     4 |    17 |     1 ||    22
       Flail             |       |       |       |    15 ||    15
 Cast: Foxfire           |    47 |    51 |    97 |   121 ||   316
       Scorch            |       |    26 |    68 |   104 ||   198
       Flame Wave        |       |       |     6 |    23 ||    29
       Ozocubu's Armour  |       |       |     1 |     7 ||     8
       Searing Ray       |       |       |       |     4 ||     4
Evoke: Wand              |       |       |       |     1 ||     1
  Use: Scroll            |     1 |     2 |     2 |     3 ||     8
 Stab: Sleeping          |       |     1 |     1 |     1 ||     3
Armor: Robe              |     1 |     5 |    11 |    27 ||    44
Dodge: Dodged            |     2 |    15 |    25 |    72 ||   114
Block: Other             |       |       |    13 |    20 ||    33
       Reflection        |       |       |     2 |     2 ||     4

Table legend: (Time is in decaauts)
 A = Elapsed time spent in this place.
 B = Non-inter-level travel time spent in this place.
 C = Inter-level travel time spent in this place.
 D = Time resting spent in this place.
 E = Time spent auto-exploring this place.
 F = Levels seen in this place.
 G = Mean time per level.
                   A        B        C        D        E       F      G
               +--------+--------+--------+--------+--------+-----+--------+
         Total |  15762 |  15113 |    649 |   2143 |  11502 |  11 | 1432.9 |
       Dungeon |  15762 |  15113 |    649 |   2143 |  11502 |  11 | 1432.9 |
               +--------+--------+--------+--------+--------+-----+--------+

Top non-repeatable levels by time:
     D:9: 2283 daAuts
     D:3: 1996 daAuts
     D:7: 1953 daAuts
    D:10: 1922 daAuts
     D:8: 1747 daAuts
     D:5: 1480 daAuts
     D:4: 1198 daAuts
     D:1: 1076 daAuts
     D:6: 1064 daAuts
     D:2: 981 daAuts
    D:11: 57 daAuts
